 Dungeon Crawl Stone Soup version 0.30.1-11-g7821555f0a (webtiles) character file.

Game seed: 3792204773125198739

201097 Amplified the Blocker (level 18, -11/147 HPs)
             Began as a Gnoll Fighter on Nov 7, 2023.
             Was the Champion of Ashenzari.
             Killed from afar by a nagaraja (14 damage)
             ... with a bolt of poison
             ... on level 2 of the Snake Pit.
             The game lasted 00:44:01 (26030 turns).

Amplified the Blocker (Gnoll Fighter)              Turns: 26030, Time: 00:44:03

Health: -11/147    AC: 23    Str: 23    XL:     18   Next: 53%
Magic:  33/34      EV: 19    Int: 18    God:    Ashenzari [******]
Gold:   766        SH: 22    Dex: 17    Spells: 19/42 levels left

rFire   . . .        s - +7 war axe of Supernal Wisdom {flame, rElec Int+5, Fort, Comp} (curse)
rCold   . . .        w - +0 tower shield "Pangnostic Disgust" {Fort, Alch} (curse)
rNeg    . . .        m - +0 chain mail of the Enigmatic Gnosis {Will++ Str+6 Dex+4, Fort, Alch} (curse)
rPois   .            u - +0 helmet "Mistrust of Ashenzari" {Melee, Elem} (curse)
rElec   +            H - +0 cloak "Bound Insecurity" {Melee, Fort} (curse)
rCorr   +            f - +0 pair of gloves "Restrained With Me" {Evo, Alch} (curse)
SInv    +            D - +0 pair of boots of the Lashed Sorrow {Cun, Range} (curse)
Will    +++..        y - amulet of the Elysian Yoke {Regen+, Fort, Cun} (curse)
Stlth   ++++         R - ring "Pangnostic the Doldrums" {rCorr Slay+6, Bglg, Elem} (curse)
HPRegen 1.24/turn    d - ring of Ashenzari's Oracle {EV+5, Bglg, Comp} (curse)
MPRegen 0.24/turn

%: clarity
@: lethally poisoned (-11 -> -55), slowed, constricted, studying Staves, very
slow
A: fangs 1, strong nose, distributed training
}: 1/15 runes: decaying
a: Renounce Religion, Shatter the Chains


You were on level 2 of the Snake Pit.
You worshipped Ashenzari.
Ashenzari was exalted by your worship.
You visited 6 branches of the dungeon, and saw 30 of its levels.
You also visited: Ice Cave and Volcano.

You collected 3597 gold pieces.
You spent 2831 gold pieces at shops.

Inventory:

Hand Weapons
 p - a +4 double sword of holy wrath
 s - the cursed +7 war axe of Supernal Wisdom (weapon) {flame, rElec Int+5, Fort, Comp}
   (You found it on level 6 of the Dungeon)

   Int:       It affects your intelligence (+5).
   rElec:     It insulates you from electricity.
   It has a curse which improves the following skills: Fortitude: Armour and
   Shields.
   Companions: Summonings and Necromancy.
 S - a +1 broad axe of freezing
Missiles
 L - 2 throwing nets (quivered)
Armour
 f - the cursed +0 pair of gloves "Restrained With Me" (worn) {Evo, Alch}
   (You found it on level 1 of the Dungeon)

   It has a curse which improves the following skills: Evocations: Evocations.
   Alchemy:   Poison Magic and Transmutations.
 l - +1 swamp dragon scales
 m - the cursed +0 chain mail of the Enigmatic Gnosis (worn) {Will++ Str+6 Dex+4, Fort, Alch}
   (You found it on level 3 of the Dungeon)

   Str:       It affects your strength (+6).
   Dex:       It affects your dexterity (+4).
   Will:      It greatly increases your willpower.
   It has a curse which improves the following skills: Fortitude: Armour and
   Shields.
   Alchemy:   Poison Magic and Transmutations.
 u - the cursed +0 helmet "Mistrust of Ashenzari" (worn) {Melee, Elem}
   (You found it on level 4 of the Dungeon)

   It has a curse which improves the following skills: Melee Combat: Short
   Blades, Long Blades, Axes, Maces & Flails, Polearms, Staves and Unarmed
   Combat.
   Elements:  Fire Magic, Ice Magic, Air Magic and Earth Magic.
 v - the +2 robe of the Forsaken Queens {rN++ Dex+3}
   (You found it on level 6 of the Dungeon)

   Dex:       It affects your dexterity (+3).
   rN:        It greatly protects you from negative energy.
 w - the cursed +0 tower shield "Pangnostic Disgust" (worn) {Fort, Alch}
   (You took it off an orc warlord on level 2 of the Orcish Mines)

   It has a curse which improves the following skills: Fortitude: Armour and
   Shields.
   Alchemy:   Poison Magic and Transmutations.
 D - the cursed +0 pair of boots of the Lashed Sorrow (worn) {Cun, Range}
   (You found it on level 9 of the Dungeon)

   It has a curse which improves the following skills: Cunning: Dodging and
   Stealth.
   Ranged Combat: Ranged Weapons and Throwing.
 F - a +2 chain mail of fire resistance
 H - the cursed +0 cloak "Bound Insecurity" (worn) {Melee, Fort}
   (You found it on level 5 of the Dungeon)

   It has a curse which improves the following skills: Melee Combat: Short
   Blades, Long Blades, Axes, Maces & Flails, Polearms, Staves and Unarmed
   Combat.
   Fortitude: Armour and Shields.
 I - a +0 helmet of intelligence
Jewellery
 d - the cursed ring of Ashenzari's Oracle (right hand) {EV+5, Bglg, Comp}
   (You found it on level 6 of the Dungeon)

   [ring of evasion]

   EV:        It affects your evasion (+5).
   It has a curse which improves the following skills: Beguiling: Conjurations,
   Hexes and Translocations.
   Companions: Summonings and Necromancy.
 t - a ring of poison resistance
 y - the cursed amulet of the Elysian Yoke (around neck) {Regen+, Fort, Cun}
   (You found it on level 12 of the Dungeon)

   [amulet of regeneration]

   Regen:     It increases your rate of health regeneration.
   It has a curse which improves the following skills: Fortitude: Armour and
   Shields.
   Cunning:   Dodging and Stealth.
 E - a ring of positive energy
 R - the cursed ring "Pangnostic the Doldrums" (left hand) {rCorr Slay+6, Bglg, Elem}
   (You bought it in a shop on level 2 of the Orcish Mines)

   [ring of resist corrosion]

   Slay:      It affects your accuracy & damage with ranged weapons and melee
   (+6).
   rCorr:     It protects you from acid and corrosion.
   It has a curse which improves the following skills: Beguiling: Conjurations,
   Hexes and Translocations.
   Elements:  Fire Magic, Ice Magic, Air Magic and Earth Magic.
 Y - a ring of protection from fire
Wands
 a - a wand of mindburst (9)
 z - a wand of iceblast (23)
 A - a wand of charming (3)
 C - a wand of polymorph (27)
 J - a wand of quicksilver (7)
 K - a wand of flame (25)
 P - a wand of digging (4)
Scrolls
 b - 7 scrolls of immolation
 e - 23 scrolls of identify
 g - 11 scrolls of teleportation
 k - 4 scrolls of torment
 x - 5 scrolls of fog
 B - 4 scrolls of amnesia
 O - 4 scrolls of butterflies
 Q - 2 scrolls of brand weapon
 V - 3 scrolls of enchant weapon
 W - a scroll of silence
Potions
 h - 3 potions of ambrosia
 i - 3 potions of lignification
 j - 12 potions of curing
 n - a potion of heal wounds
 o - 5 potions of mutation
 q - 7 potions of flight
 r - 5 potions of magic
 G - 5 potions of brilliance
 T - a potion of cancellation


   Skills:
 + Level 14.3 Fighting
 + Level 12.9(16.4) Short Blades
 + Level 12.9(16.4) Long Blades
 + Level 13.6(17.1) Axes
 + Level 12.9(16.4) Maces & Flails
 + Level 12.9(16.4) Polearms
 + Level 14.3(17.8) Staves
 + Level 12.9(15.2) Ranged Weapons
 + Level 12.9(15.2) Throwing
 + Level 14.3(20.9) Armour
 + Level 12.9(16.4) Dodging
 + Level 12.9(16.4) Stealth
 + Level 14.3(20.9) Shields
 + Level 12.9(16.4) Unarmed Combat
 + Level 12.9 Spellcasting
 + Level 10.9(14.5) Conjurations
 + Level 10.9(14.5) Hexes
 + Level 10.9(14.5) Summonings
 + Level 10.9(14.5) Necromancy
 + Level 10.9(14.5) Translocations
 + Level 10.9(15.6) Transmutations
 + Level 10.9(14.5) Fire Magic
 + Level 10.9(14.5) Ice Magic
 + Level 10.9(14.5) Air Magic
 + Level 10.9(14.5) Earth Magic
 + Level 10.9(15.6) Poison Magic
 + Level 14.0 Invocations
 + Level 12.9(15.2) Evocations


You had 19 spell levels left.
You knew the following spells:

 Your Spells              Type           Power      Damage    Failure   Level
a - Lesser Beckoning      Tloc           100%       N/A       1%          2
b - Call Canine Familiar  Summ           59%        N/A       1%          3
c - Mephitic Cloud        Conj/Pois/Air  60%        N/A       1%          3
d - Statue Form           Tmut/Erth      40%        N/A       9%          6
e - Metabolic Englaciati  Hex/Ice        29%        N/A       1%          5
f - Manifold Assault      Tloc           59%        N/A       1%          4

Your spell library contained the following spells:

 Spells                   Type           Power      Damage    Failure   Level
 Apportation              Tloc           100%       N/A       1%          1
 Magic Dart               Conj           100%       1d8       1%          1
 Necrotise                Necr           100%       1d9       1%          1
 Sandblast                Erth           100%       2d20      1%          1
 Summon Small Mammal      Summ           100%       N/A       1%          1
 Blink                    Tloc           100%       N/A       1%          2
 Call Imp                 Summ           100%       N/A       1%          2
 Ensorcelled Hibernation  Hex/Ice        100%       N/A       1%          2
 Passwall                 Tmut/Erth      50%        N/A       1%          2
 Searing Ray              Conj           100%       2d8       1%          2
 Sublimation of Blood     Necr           59%        N/A       1%          2
 Wereblood                Tmut           61%        N/A       1%          2
 Dazzling Flash           Conj/Hex       100%       N/A       1%          3
 Gell's Gravitas          Tloc           59%        N/A       1%          3
 Inner Flame              Hex/Fire       59%        N/A       1%          3
 Portal Projectile        Hex/Tloc       100%       N/A       1%          3
 Stone Arrow              Conj/Erth      100%       3d13      1%          3
 Summon Guardian Golem    Hex/Summ       59%        N/A       1%          3
 Swiftness                Air            59%        N/A       1%          3
 Teleport Other           Tloc           59%        N/A       1%          3
 Tukima's Dance           Hex            59%        N/A       1%          3
 Animate Dead             Necr           59%        N/A       1%          4
 Leda's Liquefaction      Hex/Erth       29%        N/A       1%          4
 Petrify                  Tmut/Erth      60%        N/A       1%          4
 Blade Hands              Tmut           30%        N/A       1%          5
 Fireball                 Conj/Fire      29%        3d13      1%          5
 Iskenderun's Battlesphe  Conj           59%        2d11      1%          5
 Lee's Rapid Deconstruct  Erth           29%        3d15*     1%          5
 Yara's Violent Unravell  Hex/Tmut       30%        3d13      1%          5
 Conjure Ball Lightning   Conj/Air       29%        3x3d8     11%         6
 Simulacrum               Ice/Necr       29%        N/A       11%         6
 Storm Form               Tmut/Air       30%        N/A       43%         7
 Enfeeble                 Hex            29%        N/A       52%         7
 Haunt                    Necr/Summ      29%        N/A       52%         7
 Orb of Destruction       Conj           29%        9d9       52%         7
 Summon Hydra             Summ           29%        N/A       52%         7
 Necromutation            Tmut/Necr      30%        N/A       98%         8
 Borgnjor's Revivificati  Necr           29%        N/A       99%         8
 Infestation              Necr           29%        N/A       99%         8
 Death's Door             Necr           29%        N/A       100%        9


Dungeon Overview and Level Annotations

Branches:
Dungeon (15/15)            Temple (0/1) D:6            Lair (5/5) D:10
  Swamp (4/4) Lair:3        Snake (2/4) Lair:2        Slime (0/5) Lair:4
    Orc (2/2) D:12            Elf (2/3) Orc:2        Vaults (0/5) D:13
 Depths (0/4) D:15          IceCv (visited)         Volcano (visited)

Altars:
Ashenzari
Elyvilon
Fedhas
Gozag
Kikubaaqudgha
Ru
Sif Muna
Trog
Xom
Yredelemnul
Zin
Jiyva
Lugonu

Shops:
D:2 (   D:3 !   D:14 [   Orc:2 :(*[   Elf:1 =   Snake:1 !*

Annotations:
D:13 Azrael
D:14 1 runed translucent door, Laowois's ghost, journeyman MiBe
Lair:2 2 runed translucent doors, Noinio Vykyu's ghost, journeyman MiFi
Lair:4 1 runed translucent door


Innate Abilities, Weirdness & Mutations

You have very sharp teeth.
Your uncanny sense of smell can sniff out nearby items.
Your experience applies equally to all skills.


Message History

The naga sharpshooter magically shoots an arrow.
You block the arrow.
The nagaraja hits you but does no damage.
The nagaraja grabs you.
You stop ascending the stairs.
The nagaraja constricts you.
Unknown command.
You are too injured to fight recklessly!
You escape the nagaraja's grasp.
You feel extremely sick.
The naga sharpshooter gestures wildly while chanting.
The naga sharpshooter magically shoots an arrow.
You block the arrow. The nagaraja casts a spell at you.
The poison arrow hits you!
You are more poisoned.
* * * LOW HITPOINT WARNING * * *
The naga sharpshooter casts a spell.
The naga sharpshooter magically shoots an arrow.
The arrow closely misses you.
The nagaraja hits you but does no damage.
The nagaraja grabs you.
You stop ascending the stairs.
The nagaraja constricts you.
* * * LOW HITPOINT WARNING * * *
Unknown command.
Unknown command.
Unknown command.
As you read the scroll of fear, it crumbles to dust.
You assume a fearsome visage.
The nagaraja resists with almost no effort.
The naga sharpshooter looks frightened!
* * * LOW HITPOINT WARNING * * *
You feel extremely sick. The nagaraja hits you with a +0 flail!
* * * LOW HITPOINT WARNING * * *
The nagaraja constricts you.
* * * LOW HITPOINT WARNING * * *
The nagaraja points at you and mumbles some strange words.
The bolt of poison hits you!
You are more poisoned.
You die...

, * ,,,..........
,,(, ,, ,,, ,,,,, ,
,,.......... ,.#,,,
, ,,, ,,
.........###.# # *
, , , **,,
,.............#.. ,
,, ,, ,
,...............,
,,,, , , ,,
##...........###.*
* * * ,,,,
.........[.......
,, , , ,
##..###[........ ,
*, ,,,,,,
#....[@N.......#*
,, , **,,,
.......†[........
,, ,* ,,,,
.................,,
,, , , ,,
..###.....$....#.,
* ,, , , ,
.,**#...=...#.... ,
,,, , ,,,,,
.........###. , , *
, , ,, ,
......>.#.# * , *
,,,,, ,
,.......!..## ,,
,,, , , , ,** * *
**


You could see a nagaraja (fast).

Vanquished Creatures
  Jorgrun (D:12)
  Rupert (D:15)
  3 thorn hunters
  A fenstrider witch (Swamp:1)
  A deep elf sorcerer (Elf:1)
  2 orc warlords
  2 eleionomae
  6 bunyips
  A dire elephant (Lair:5)
  2 blizzard demons (IceCv)
  An ettin (D:15)
  18 hydras
  2 vault guards (D:13)
  A shambling mangrove (Swamp:4)
  A catoblepas (Lair:5)
  A merfolk avatar (Lair:5)
  2 caustic shrike simulacra (IceCv)
  2 ghost crabs
  4 boulder beetles
  5 centaur warriors
  Erica (Lair:2)
  12 alligators
  2 two-headed ogres
  A tengu warrior (D:15)
  4 anacondas
  4 dancing weapons (Elf:1)
  3 death yaks (Lair:5)
  2 naga sharpshooters (Snake:1)
  2 naga warriors (Snake:1)
  4 orc high priests
  2 shock serpents (Snake:1)
  A hell knight (Volcano)
  9 spriggans
  7 deep elf knights (Elf:1)
  A skyshark (Lair:5)
  4 goliath frogs
  A salamander mystic (Snake:2)
  2 deep trolls (D:15)
  13 swamp dragons
  3 wizards
  6 spriggan druids
  A naga ritualist (Snake:2)
  2 sea snakes
  Pikel (D:8)
  An obsidian statue (IceCv)
  6 bog bodies
  4 deep elf archers
  9 spriggan simulacra (IceCv)
  20 deep elf pyromancers
  A harpy (Lair:5)
  3 necromancers
  5 orc knights
  11 deep elf zephyrmancers
  5 orc sorcerers
  A mana viper (Snake:2)
  19 ugly things
  3 lindwurms (Swamp:4)
  A wolf spider (D:15)
  3 manticores
  4 will-o-the-wisps
  8 cyclopes
  A salamander (Snake:1)
  10 centaur zombies (D:11)
  11 black mambas
  14 elephants
  5 naga magi
  A guardian serpent (Snake:1)
  11 cane toads
  An ice statue (Swamp:4)
  A molten gargoyle (Volcano)
  4 orange demons (D:12)
  An unseen horror (D:10)
  4 rime drakes
  A rime drake (shapeshifter) (D:15)
  14 komodo dragons
  A freezing wraith (D:15)
  An anaconda simulacrum (IceCv)
  8 ice devils (IceCv)
  A yaktaur (Volcano)
  5 trolls
  2 golden dragon simulacra (IceCv)
  2 red devils (D:12)
  9 polar bears
  12 hornets
  10 tyrant leeches
  A snapping turtle (Lair:5)
  5 blink frogs (Lair:1)
  12 slime creatures
  2 water elementals (Elf:1)
  3 shadows
  A wraith (D:12)
  A centaur simulacrum (D:15)
  A dire elephant simulacrum (IceCv)
  5 wyverns
  63 yaks
  2 vampires
  2 basilisks
  4 steam dragons
  19 humans (D:13)
  3 fire elementals (D:13)
  5 fire bats (Volcano)
  15 swamp worms
  A harpy simulacrum (IceCv)
  14 minotaur simulacra (IceCv)
  7 nagas
  2 wargs
  An acid dragon (D:13)
  4 vampire mosquitoes
  12 water moccasins
  A hydra simulacrum (IceCv)
  29 orc warriors
  A sky beast (D:7)
  10 swamp drakes
  2 alligator simulacra (IceCv)
  8 ogres
  5 wolves (Lair:2)
  4 lemures (D:8)
  12 centaurs
  A kobold brigand (D:8)
  16 bullfrogs
  Blork the orc (D:6)
  6 deep troll simulacra (IceCv)
  2 gnoll sergeants
  A scorpion (D:5)
  8 wights
  12 killer bees
  A lindwurm simulacrum (IceCv)
  6 electric eels
  10 howler monkeys
  5 lava snakes (Volcano)
  2 jellies (D:5)
  A hound (D:5)
  29 orc priests
  2 sleepcaps
  Crazy Yiuf (D:5)
  A gnoll bouda (Orc:1)
  16 iguanas
  Natasha (twice) (D:2)
  6 hell rats (Lair:5)
  A boggart zombie (D:11)
  29 orc wizards
  A howler monkey zombie (D:11)
  8 gnolls
  8 adders
  A shadow imp (D:6)
  A white imp (D:7)
  2 worms
  2 dart slugs (D:2)
  80 orcs
  3 endoplasms
  3 giant cockroaches
  3 goblins (D:1)
  5 hobgoblins
  5 jackals (D:1)
  13 kobolds
  3 quokkas
  7 ball pythons
  5 bats
  18 frilled lizards
  6 rats
969 creatures vanquished.

Vanquished Creatures (others)
  An orc sorcerer (Orc:2)
  A bloated husk (Swamp:3)
  A water moccasin (Lair:5)
  An orc priest (Orc:2)
  An orc wizard (Orc:2)
  3 orcs (Orc:2)
  2 frilled lizards (Lair:3)
  18 foxfires
28 creatures vanquished.

Grand Total: 997 creatures vanquished

Notes
Turn   | Place    | Note
-------+----------+-------------------------------------------
     0 | D:1      | Amplified the Gnoll Fighter began the quest for the Orb.
     0 | D:1      | Reached XP level 1. HP: 23/23 MP: 1/1
    87 | D:1      | Reached XP level 2. HP: 29/29 MP: 2/2
   425 | D:1      | Reached XP level 3. HP: 35/35 MP: 3/3
   495 | D:1      | Found a faded altar of an unknown god.
   690 | D:2      | Reached skill level 1 in Invocations
   769 | D:2      | Found Inianauch's Weapon Boutique.
   779 | D:2      | Reached skill level 1 in Short Blades
   779 | D:2      | Reached skill level 1 in Long Blades
   779 | D:2      | Reached skill level 1 in Maces & Flails
   779 | D:2      | Reached skill level 1 in Polearms
   779 | D:2      | Reached skill level 1 in Staves
   779 | D:2      | Reached skill level 1 in Ranged Weapons
   779 | D:2      | Reached skill level 1 in Throwing
   779 | D:2      | Reached skill level 1 in Dodging
   779 | D:2      | Reached skill level 1 in Stealth
   779 | D:2      | Reached skill level 1 in Unarmed Combat
   779 | D:2      | Reached skill level 1 in Spellcasting
   779 | D:2      | Reached skill level 1 in Evocations
   785 | D:2      | Noticed Natasha
   801 | D:2      | Killed Natasha
   802 | D:2      | Reached skill level 1 in Conjurations
   802 | D:2      | Reached skill level 1 in Hexes
   802 | D:2      | Reached skill level 1 in Summonings
   802 | D:2      | Reached skill level 1 in Necromancy
   802 | D:2      | Reached skill level 1 in Translocations
   802 | D:2      | Reached skill level 1 in Transmutations
   802 | D:2      | Reached skill level 1 in Fire Magic
   802 | D:2      | Reached skill level 1 in Ice Magic
   802 | D:2      | Reached skill level 1 in Air Magic
   802 | D:2      | Reached skill level 1 in Earth Magic
   802 | D:2      | Reached skill level 1 in Poison Magic
   802 | D:2      | Reached XP level 4. HP: 26/41 MP: 5/5
   946 | D:2      | Noticed Natasha
   954 | D:2      | Killed Natasha
  1036 | D:2      | Reached XP level 5. HP: 47/47 MP: 7/7
  1515 | D:3      | Identified the +0 chain mail of Juaceafy {Will++ Str+6
                  | Dex+4}
  1602 | D:3      | Noticed a centaur
  1611 | D:3      | Killed a centaur
  1763 | D:3      | Found Hyupun's Distillery.
  1772 | D:3      | Bought a potion of mutation for 104 gold pieces
  1772 | D:3      | Bought a potion of attraction for 39 gold pieces
  2095 | D:4      | Found a blossoming altar of Fedhas.
  2103 | D:4      | Found a glowing silver altar of Zin.
  2123 | D:4      | Found a white marble altar of Elyvilon.
  2134 | D:4      | Reached XP level 6. HP: 47/53 MP: 8/8
  2159 | D:4      | Found a broken altar of Ashenzari.
  2164 | D:4      | Became a worshipper of Ashenzari the Shackled
  2354 | D:4      | Reached skill level 5 in Axes
  2629 | D:4      | Found a shimmering blue altar of Sif Muna.
  2653 | D:5      | Entered Level 5 of the Dungeon
  2721 | D:5      | Noticed a water moccasin
  2731 | D:5      | Killed a water moccasin
  2732 | D:5      | Reached XP level 7. HP: 53/60 MP: 10/10
  2750 | D:5      | Noticed a steam dragon
  2756 | D:5      | Killed a steam dragon
  3069 | D:5      | Reached * piety under Ashenzari
  3090 | D:5      | Reached XP level 8. HP: 54/67 MP: 12/12
  3496 | D:5      | Found a runed translucent door.
  3497 | D:5      | Noticed Crazy Yiuf
  3567 | D:6      | Identified the +7 war axe of Annoyance {flame, rElec Int+5}
  3567 | D:6      | Identified the +2 robe of the Forsaken Queens {rN++ Dex+3}
  3608 | D:6      | Found a sacrificial altar of Ru.
  3693 | D:6      | Noticed Blork the orc
  3695 | D:6      | Found a staircase to the Ecumenical Temple.
  3699 | D:6      | Killed Blork the orc
  3977 | D:6      | Found a bloodstained altar of Trog.
  4204 | D:6      | Reached ** piety under Ashenzari
  4428 | D:7      | Reached XP level 9. HP: 73/73 MP: 14/14
  4428 | D:7      | Found an ancient bone altar of Kikubaaqudgha.
  4499 | D:7      | Learned a level 2 spell: Lesser Beckoning
  4776 | D:8      | Noticed Pikel
  4787 | D:8      | Killed Pikel
  4788 | D:8      | Reached skill level 5 in Invocations
  5200 | D:8      | Noticed a hornet
  5209 | D:8      | Killed a hornet
  5210 | D:8      | Reached skill level 5 in Short Blades
  5210 | D:8      | Reached skill level 5 in Long Blades
  5210 | D:8      | Reached skill level 5 in Maces & Flails
  5210 | D:8      | Reached skill level 5 in Polearms
  5210 | D:8      | Reached skill level 5 in Staves
  5210 | D:8      | Reached skill level 5 in Ranged Weapons
  5210 | D:8      | Reached skill level 5 in Throwing
  5210 | D:8      | Reached skill level 5 in Dodging
  5210 | D:8      | Reached skill level 5 in Stealth
  5210 | D:8      | Reached skill level 5 in Unarmed Combat
  5210 | D:8      | Reached skill level 5 in Spellcasting
  5210 | D:8      | Reached skill level 5 in Evocations
  5210 | D:8      | Reached XP level 10. HP: 81/81 MP: 17/17
  5778 | D:9      | Learned a level 3 spell: Call Canine Familiar
  5808 | D:9      | Noticed a two-headed ogre
  5817 | D:9      | Killed a two-headed ogre
  6571 | D:9      | Reached *** piety under Ashenzari
  6621 | D:9      | Reached skill level 5 in Conjurations
  6621 | D:9      | Reached skill level 5 in Hexes
  6621 | D:9      | Reached skill level 5 in Summonings
  6621 | D:9      | Reached skill level 5 in Necromancy
  6621 | D:9      | Reached skill level 5 in Translocations
  6621 | D:9      | Reached skill level 5 in Transmutations
  6621 | D:9      | Reached skill level 5 in Fire Magic
  6621 | D:9      | Reached skill level 5 in Ice Magic
  6621 | D:9      | Reached skill level 5 in Air Magic
  6621 | D:9      | Reached skill level 5 in Earth Magic
  6621 | D:9      | Reached skill level 5 in Poison Magic
  6676 | D:9      | Reached XP level 11. HP: 85/89 MP: 20/20
  6707 | D:10     | Entered Level 10 of the Dungeon
  6717 | D:10     | Found a staircase to the Lair.
  6752 | D:10     | Reached **** piety under Ashenzari
  7047 | D:10     | Noticed a two-headed ogre
  7052 | D:10     | Killed a two-headed ogre
  7718 | D:11     | Noticed a cyclops
  7734 | D:11     | Killed a cyclops
  7870 | D:11     | Found a basalt altar of Yredelemnul.
  8049 | D:11     | Noticed a boulder beetle
  8161 | D:12     | Reached ***** piety under Ashenzari
  8171 | D:11     | Identified a scroll of acquirement
  8239 | D:11     | Killed a boulder beetle
  8240 | D:11     | Reached XP level 12. HP: 68/102 MP: 25/25
  8244 | D:11     | Learned a level 3 spell: Mephitic Cloud
  8615 | D:5      | Acquired 639 gold pieces
  8666 | D:5      | Killed Crazy Yiuf
  8988 | D:12     | Noticed Jorgrun
  9007 | D:12     | Killed Jorgrun
  9225 | D:12     | Reached skill level 10 in Fighting
  9225 | D:12     | Reached skill level 10 in Armour
  9225 | D:12     | Reached skill level 10 in Shields
  9285 | D:12     | Found a staircase to the Orcish Mines.
  9681 | D:12     | Noticed a six-headed hydra
  9686 | D:12     | Killed a one-headed hydra
 10063 | D:13     | Found a corrupted altar of Lugonu.
 10199 | Lair:1   | Entered Level 1 of the Lair of Beasts
 10222 | Lair:1   | Reached ****** piety under Ashenzari
 10292 | Lair:1   | Noticed a boulder beetle
 10334 | Lair:1   | Killed a boulder beetle
 10419 | Lair:1   | Found a dark tunnel.
 10430 | Volcano  | Entered a volcano
 10497 | Volcano  | Reached XP level 13. HP: 87/109 MP: 27/27
 10563 | Volcano  | Found a radiant altar of Vehumet.
 11305 | Lair:2   | Found a staircase to the Snake Pit.
 11449 | Lair:2   | Noticed Erica
 11461 | Lair:2   | Killed Erica
 11483 | Lair:2   | Found a large runed translucent door.
 11483 | Lair:2   | Found a large runed translucent door.
 11742 | Lair:2   | Reached skill level 10 in Axes
 11826 | Lair:2   | Noticed Noinio Vykyu's ghost (journeyman MiFi)
 12196 | Lair:3   | Reached XP level 14. HP: 87/118 MP: 29/29
 12198 | Lair:3   | Reached skill level 10 in Invocations
 12344 | Lair:3   | Found a staircase to the Swamp.
 13052 | Lair:4   | Learned a level 6 spell: Statue Form
 13188 | Lair:4   | Found a runed translucent door.
 13188 | Lair:4   | Found a viscous altar of Jiyva.
 13188 | Lair:4   | Found a staircase to the Slime Pits.
 13590 | Lair:5   | Entered Level 5 of the Lair of Beasts
 13706 | Lair:5   | Noticed a dire elephant
 13843 | Lair:5   | Identified the +6 glaive of Prudence {pain, rF+ rN+ Str+8
                  | Stlth-}
 13864 | Lair:5   | Killed a dire elephant
 14049 | Lair:5   | Reached skill level 10 in Short Blades
 14049 | Lair:5   | Reached skill level 10 in Long Blades
 14049 | Lair:5   | Reached skill level 10 in Maces & Flails
 14049 | Lair:5   | Reached skill level 10 in Polearms
 14049 | Lair:5   | Reached skill level 10 in Staves
 14049 | Lair:5   | Reached skill level 10 in Ranged Weapons
 14049 | Lair:5   | Reached skill level 10 in Throwing
 14049 | Lair:5   | Reached skill level 10 in Dodging
 14049 | Lair:5   | Reached skill level 10 in Stealth
 14049 | Lair:5   | Reached skill level 10 in Unarmed Combat
 14049 | Lair:5   | Reached skill level 10 in Spellcasting
 14049 | Lair:5   | Reached skill level 10 in Evocations
 14105 | Lair:5   | Identified the Papyrus of Hyperborean Jinxing
 14422 | Lair:5   | Identified the +1 war axe "Umpesixtoll" {flame, rElec rF-
                  | Will+}
 14750 | Orc:1    | Entered Level 1 of the Orcish Mines
 15032 | Orc:1    | Learned a level 5 spell: Metabolic Englaciation
 15045 | Orc:2    | Entered Level 2 of the Orcish Mines
 15117 | Orc:2    | Reached XP level 15. HP: 127/127 MP: 31/31
 15170 | Orc:2    | Found a staircase to the Elven Halls.
 15205 | Orc:2    | Noticed an orc warlord
 15310 | Orc:2    | Killed an orc warlord
 15548 | Orc:2    | Found Lyupp's Antique Armour Shop.
 15549 | Orc:2    | Found Huquq's Antique Weapon Shop.
 15551 | Orc:2    | Found Nic Soph's General Store.
 15551 | Orc:2    | Found Paffin's Book Boutique.
 15556 | Orc:2    | Bought the ring of the Cicada {rCorr Slay+6} for 730 gold
                  | pieces
 15556 | Orc:2    | Bought a potion of heal wounds for 70 gold pieces
 15556 | Orc:2    | Bought a potion of curing for 42 gold pieces
 15933 | Orc:1    | Identified the +2 chain mail "Cinwid" {*Corrode *Slow rElec
                  | Dex+6}
 15956 | Orc:1    | Identified the +2 scimitar of Destiny {flame, rPois rCorr
                  | Dex+4 Stlth-}
 15973 | Orc:1    | Noticed an orc warlord
 15988 | Orc:1    | Killed an orc warlord
 16649 | D:13     | Found a gate to the Vaults.
 16715 | D:13     | Noticed Azrael
 16813 | D:14     | Found Kokk's Armour Emporium.
 17031 | D:14     | Found a runed translucent door.
 17031 | D:14     | Found a shimmering altar of Xom.
 17031 | D:14     | Noticed Laowois's ghost (journeyman MiBe)
 17663 | D:15     | Entered Level 15 of the Dungeon
 17755 | D:15     | Reached XP level 16. HP: 98/136 MP: 33/33
 17760 | D:15     | Found a staircase to the Depths.
 18252 | D:15     | Noticed Rupert
 18266 | D:15     | Killed Rupert
 18325 | D:15     | Identified the cursed +0 pair of gloves "Restrained With
                  | Me" {Evo, Alch} (You found it on level 1 of the Dungeon)
 18325 | D:15     | Identified the cursed +0 pair of boots of the Lashed Sorrow
                  | {Cun, Range} (You found it on level 9 of the Dungeon)
 18904 | Orc:2    | Bought an Inescapable Atlas for 512 gold pieces
 18904 | Orc:2    | Bought a manual of Staves for 1280 gold pieces
 18910 | Orc:2    | Learned a level 4 spell: Manifold Assault
 19076 | Snake:1  | Entered Level 1 of the Snake Pit
 19183 | Swamp:1  | Entered Level 1 of the Swamp
 19349 | Swamp:1  | Found an opulent altar of Gozag.
 19382 | Swamp:1  | Noticed a fenstrider witch
 19449 | Swamp:1  | Identified the +8 long sword "Qunydocizoq" {flame, Fragile
                  | rPois Int+2}
 19480 | Swamp:1  | Noticed a thorn hunter
 19489 | Swamp:1  | Killed a thorn hunter
 20405 | Swamp:4  | Entered Level 4 of the Swamp
 20465 | Swamp:4  | Found a frozen archway.
 20541 | IceCv    | Entered an ice cave
 20689 | IceCv    | Reached XP level 17. HP: 143/143 MP: 29/35
 20889 | IceCv    | Reached skill level 10 in Conjurations
 20889 | IceCv    | Reached skill level 10 in Hexes
 20889 | IceCv    | Reached skill level 10 in Summonings
 20889 | IceCv    | Reached skill level 10 in Necromancy
 20889 | IceCv    | Reached skill level 10 in Translocations
 20889 | IceCv    | Reached skill level 10 in Transmutations
 20889 | IceCv    | Reached skill level 10 in Fire Magic
 20889 | IceCv    | Reached skill level 10 in Ice Magic
 20889 | IceCv    | Reached skill level 10 in Air Magic
 20889 | IceCv    | Reached skill level 10 in Earth Magic
 20889 | IceCv    | Reached skill level 10 in Poison Magic
 21113 | IceCv    | Identified the +3 ring mail of Narcissism {rPois Str-2
                  | Int+2}
 21726 | Swamp:4  | Got a decaying rune of Zot
 23053 | Elf:1    | Entered Level 1 of the Elven Halls
 23235 | Elf:1    | Found Ynluzxel's Jewellery Boutique.
 23361 | Elf:1    | Reached XP level 18. HP: 108/152 MP: 27/36
 23846 | Elf:1    | Identified the Almanac of Impulse
 23890 | Elf:2    | Identified the amulet "Ezudoi Ehac" {RegenMP rF- rCorr
                  | Dex-2 Slay+5}
 24892 | Snake:1  | Found Nyvesoj's General Store.
 25089 | Snake:1  | Found Moajoss's Distillery.
 25095 | Snake:1  | Bought a potion of curing for 54 gold pieces
 26030 | Snake:2  | HP: 4/147 [nagaraja/+0 flail (16)]
 26030 | Snake:2  | Killed from afar by a nagaraja

Illustrated notes

Levels and vault maps discovered:
D:1:      dpeg_arrival_shelter, layout_rooms,
          shapermc_ecumenical_altar_mp_vishouse, minmay_tetromino_t2
D:2:      layout_rooms, serial_shops, nicolae_shop_bloodbath_and_beyond,
          minivault_5, minmay_indecisive_spiral, uniq_natasha
D:3:      layout_basic, serial_shops, shop
D:4:      layout_rooms, general_overflow_altar,
          nicolae_overflow_quartered_altars, hex_medium
D:5:      layout_gridville, uniq_crazy_yiuf_cottage
D:6:      layout_rooms, nicolae_ru_the_path_less_chosen,
          mainiacjoe_overflow_paths, minmay_temple_entry_statues_pillars,
          st_stairs_1, hangedman_abyss_or_decor_stagger, uniq_blork_the_orc
D:7:      layout_rooms, mainiacjoe_overflow_cross_hatched,
          hangedman_abyss_or_decor_stabs
D:8:      layout_cave_pods, uniq_pikel
D:9:      layout_roguey, kennysheep_generic_room_16
D:10:     layout_stronghold, lair_entry_dummy
D:11:     layout_basic, nicolae_yredelemnul_corpse_copse
D:12:     layout_layer_cave, orc_0_dummy, minmay_beelzebubs_servants,
          uniq_jorgrun
D:13:     layout_loops_ring, grunt_vaults_entry_tiered, tgw_lugonu_bribe,
          uniq_azrael
D:14:     layout_irregular_city, serial_shops, shop_fountains,
          ebering_ghost_xom, dk_noncrumbling_4
D:15:     hangedman_depths_entry_civil_slaughter, layout_basic,
          hangedman_decor_slide_cut, uniq_rupert
Lair:1:   layout_hall_layers, enter_volcano_2, minivault_25
Lair:2:   layout_roguey, minmay_snake_entry_guardpost_small,
          ebering_ghost_disaster_area, lemuel_fruit_tree, uniq_erica
Lair:3:   lemuel_reptile_caves, layout_hall_layers, swamp_mist,
          grunt_forest_large_clearings
Lair:4:   layout_roguey, slime_entry_2, grunt_megastairs_4
Lair:5:   gammafunk_lair_ancient_temple, layout_regular_city
Swamp:1:  layout_falls_marsh, nicolae_swamp_godswood, infiniplex_staircase_pool
Swamp:2:  layout_basic_swamp, hangedman_swamp_pad, swamp_pool3
Swamp:3:  layout_falls_marsh, nicolae_swamp_long_stream
Swamp:4:  swamp_alternative, layout_basic_swamp,
          portal_ice_cave_entry_ice_statue_one
Snake:1:  layout_layer_cave, serial_shops, nicolae_shop_pleasant_corner_grove,
          nicolae_snake_bzzzt, minmay_shop_star
Snake:2:  hangedman_cross_stitches, layout_onion_interference,
          hangedman_corner_corridor, grunt_megastairs_5, uniq_aizul
Orc:1:    layout_caves, nicolae_orc_flooded_monolith, elf_legates
Orc:2:    st_orc_congregation, layout_caves
Elf:1:    eino_elf_arrival_customs, layout_onion_city, serial_shops, shop,
          minmay_elf_sorcery, uniq_frances, uniq_kirke
Elf:2:    nicolae_elf_blades_crystal_corner, layout_geoelf_octagon,
          wad_floor_pattern_untrapped, minmay_checkered_concentric_circles

Skill      XL: |  1  2  3  4  5  6  7  8  9 10 11 12 13 14 15 16 17 18 |
---------------+-------------------------------------------------------+-----
Invocations    | 1 2 3 4 5 6 7 8 9 10 11 12 13 14 | 14.0
Short Blades   | 1 2 3 5 6 7 8 9 10 11 12 | 12.9
Long Blades    | 1 2 3 5 6 7 8 9 10 11 12 | 12.9
Maces & Flails | 1 2 3 5 6 7 8 9 10 11 12 | 12.9
Polearms       | 1 2 3 5 6 7 8 9 10 11 12 | 12.9
Staves         | 1 2 3 5 6 7 8 9 10 12 13 14 | 14.3
Ranged Weapons | 1 2 3 5 6 7 8 9 10 11 12 | 12.9
Throwing       | 1 2 3 5 6 7 8 9 10 11 12 | 12.9
Dodging        | 1 2 3 5 6 7 8 9 10 11 12 | 12.9
Stealth        | 1 2 3 5 6 7 8 9 10 11 12 | 12.9
Unarmed Combat | 1 2 3 5 6 7 8 9 10 11 12 | 12.9
Spellcasting   | 1 2 3 5 6 7 8 9 10 11 12 | 12.9
Evocations     | 1 2 3 5 6 7 8 9 10 11 12 | 12.9
Conjurations   | 1 2 3 4 5 6 7 8 9 10 | 10.9
Hexes          | 1 2 3 4 5 6 7 8 9 10 | 10.9
Summonings     | 1 2 3 4 5 6 7 8 9 10 | 10.9
Necromancy     | 1 2 3 4 5 6 7 8 9 10 | 10.9
Translocations | 1 2 3 4 5 6 7 8 9 10 | 10.9
Transmutations | 1 2 3 4 5 6 7 8 9 10 | 10.9
Fire Magic     | 1 2 3 4 5 6 7 8 9 10 | 10.9
Ice Magic      | 1 2 3 4 5 6 7 8 9 10 | 10.9
Air Magic      | 1 2 3 4 5 6 7 8 9 10 | 10.9
Earth Magic    | 1 2 3 4 5 6 7 8 9 10 | 10.9
Poison Magic   | 1 2 3 4 5 6 7 8 9 10 | 10.9
Axes           | 5 6 7 8 9 10 11 12 13 | 13.6
Fighting       | 7 8 9 10 11 12 13 14 | 14.3
Armour         | 7 8 9 10 11 12 13 14 | 14.3
Shields        | 7 8 9 10 11 12 13 14 | 14.3

Action                     |  1- 3 |  4- 6 |  7- 9 | 10-12 | 13-15 | 16-18 || total
---------------------------+-------+-------+-------+-------+-------+-------++-------
  Melee: War axe           |    87 |   127 |   170 |   409 |  1071 |   948 ||  2812
         Bite              |     4 |    10 |    23 |    57 |   184 |   154 ||   432
  Throw: Throwing net      |       |       |       |     2 |     5 |     1 ||     8
   Cast: Lesser Beckoning  |       |       |       |       |     8 |    15 ||    23
         Metabolic Englaci |       |       |       |       |     4 |     8 ||    12
         Statue Form       |       |       |       |       |       |    22 ||    22
         Manifold Assault  |       |       |       |       |       |    16 ||    16
 Invoke: Curse Item        |       |     1 |     3 |     6 |     1 |     1 ||    12
         Shatter the Chain |       |       |       |       |     1 |     1 ||     2
  Evoke: Wand              |       |       |       |     7 |     3 |       ||    10
    Use: Scroll            |     4 |     4 |     2 |     3 |     1 |     7 ||    21
         Potion            |     1 |     1 |     4 |     3 |    10 |     9 ||    28
   Stab: Invisible         |       |       |       |     4 |    52 |       ||    56
         Sleeping          |       |       |       |     2 |    15 |     9 ||    26
         Held in net/web   |       |       |       |     1 |     4 |       ||     5
         Petrified         |       |       |       |       |     5 |       ||     5
         Distracted        |       |       |       |       |       |     4 ||     4
         Confused          |       |       |       |       |       |     1 ||     1
 Armour: Scale mail        |    63 |    30 |       |       |       |       ||    93
         Chain mail        |       |    54 |    75 |   154 |   222 |   215 ||   720
         Skin              |       |       |    11 |    27 |       |   130 ||   168
  Dodge: Dodged            |    48 |    42 |   110 |   300 |   652 |   695 ||  1847
  Block: Buckler           |    34 |    39 |    57 |   140 |   375 |   336 ||   981
         Tower shield      |       |       |       |       |       |    93 ||    93
